 Dungeon Crawl Stone Soup version 0.29-a0-337-g68df138881 (webtiles) character file.

Game seed: 1630498804671794342

676 Deadscale the Archer (level 7, -24/56 HPs)
             Began as a Minotaur Hunter on Apr 17, 2022.
             Engulfed by a cloud of flame (29 damage)
             ... on level 5 of the Dungeon.
             The game lasted 00:04:33 (3625 turns).

Deadscale the Archer (Minotaur Hunter)              Turns: 3625, Time: 00:04:34

Health: -24/56     AC:  6    Str: 15    XL:     7   Next: 33%
Magic:  6/6        EV: 11    Int:  6    God:
Gold:   301        SH:  0    Dex: 16    Spells: 6/6 levels left

rFire   . . .      SeeInvis .   a - +1 shortbow
rCold   . . .      Faith    .   (shield currently unavailable)
rNeg    . . .      Spirit   .   o - +0 ring mail
rPois   .          Reflect  .   (helmet restricted)
rElec   .          Harm     .   (no cloak)
rCorr   .          Rampage  .   (no gloves)
Will    .....                   l - +0 pair of boots
Stlth   +.........              (no amulet)
HPRegen 0.18/turn               Y - +4 ring of slaying
MPRegen 0.10/turn               L - ring of flight

@: brilliant, flying, slowed, very slow
A: horns 2, retaliatory headbutt
a: no special abilities


You were on level 5 of the Dungeon.
You visited 1 branch of the dungeon, and saw 5 of its levels.

You collected 301 gold pieces.


Innate Abilities, Weirdness & Mutations

You have a pair of horns on your head.
You reflexively headbutt those who attack you in melee.


   Skills:
 - Level 2.4 Fighting
 + Level 9.9 Bows
 - Level 2.1 Dodging
 - Level 0.7 Stealth


You had 6 spell levels left.
You didn't know any spells.
Your spell library contained the following spells:

 Spells                   Type           Power      Damage    Failure   Level
 Alistair's Intoxication  Tmut/Pois      0%         N/A       100%        5
 Borgnjor's Vile Clutch   Necr/Erth      0%         N/A       100%        5
 Eringya's Noxious Bog    Tmut/Pois      0%         N/A       100%        6

Inventory:

Hand Weapons
 a - a +1 shortbow (weapon)
Missiles
 d - 124 stones
 e - 2 javelins
 h - 9 poisoned darts
 w - 2 throwing nets {=f!f}
Armour
 b - a +0 leather armour
 g - a +0 robe
   (You found it on level 1 of the Dungeon)
 l - a +0 pair of boots (worn)
   (You found it on level 2 of the Dungeon)
 o - a +0 ring mail (worn)
   (You found it on level 2 of the Dungeon)
 s - a +0 scale mail
   (You took it off a gnoll sergeant on level 3 of the Dungeon)
 t - a +0 leather armour
   (You took it off an orc on level 3 of the Dungeon)
 u - a +0 ring mail
   (You took it off a hobgoblin on level 3 of the Dungeon)
 v - a +0 leather armour
   (You took it off an orc on level 3 of the Dungeon)
 x - a +0 leather armour
   (You took it off an orc on level 3 of the Dungeon)
 y - a +0 robe
   (You found it on level 4 of the Dungeon)
 C - a +0 leather armour
   (You found it on level 4 of the Dungeon)
Magical Staves
 B - a staff of earth {!a}
   (You found it on level 4 of the Dungeon)
Jewellery
 F - a ring of fire
   (You found it on level 3 of the Dungeon)
 L - a ring of flight (right hand)
   (You found it on level 2 of the Dungeon)
 Y - a +4 ring of slaying (left hand)
   (You found it on level 1 of the Dungeon)
Scrolls
 c - 3 scrolls of immolation {!r!r}
 j - a scroll of fog {unknown}
 k - a scroll of enchant armour {unknown}
 m - 2 scrolls of teleportation {unknown}
 p - 8 scrolls of identify {unknown}
 r - a scroll of holy word
 A - a scroll of vulnerability {unknown}
 D - 3 scrolls of fear {unknown}
Potions
 f - a potion of invisibility {unknown}
 i - a potion of degeneration {unknown}
 n - a potion of curing {unknown}
 q - a potion of brilliance
 z - 2 potions of flight {unknown}

Dungeon Overview and Level Annotations

Branches:
Dungeon (5/15)
 Temple: D:4-7

Altars:
Nemelex Xobeh
Qazlal
Zin

Shops:
D:2

? # ..... .. #
#...# ... ##
....####... #.
.......... ##
######......... ##
......§§......) #.
#..§§§...... ## #@#
### # ##.#### ....
#
#.....#..##########
#..................
#......#########...
#...##...........##
###.###############
#................
#################


There were no monsters in sight!


Message History

No target in view!
A necrophage comes into view.
A necrophage is nearby!
You shoot an arrow. The arrow hits the necrophage!
You shoot an arrow. The arrow barely misses the necrophage.
You shoot an arrow. The arrow hits the necrophage.
You shoot an arrow.
The arrow hits the necrophage but does no damage.
You shoot an arrow. The arrow hits the necrophage!
The necrophage hits you but does no damage.
You shoot an arrow. The arrow hits the necrophage!
You destroy the necrophage!
You have reached level 7! 😎 HP[+6] MP[+1]
You now have 56 max hp (+6).
Your hp is fully restored (56).
Your mp is fully restored (6).
No target in view!
No target in view!
No target in view!
No target in view!
An ogre comes into view. It is wielding a +0 giant spiked club.
The ogre shouts!
You shoot an arrow. The arrow hits the ogre.
You shoot an arrow. The arrow hits the ogre.
You shoot an arrow. The arrow hits the ogre.
You shoot an arrow. The arrow hits the ogre.
You shoot an arrow. The arrow hits the ogre!
You kill the ogre!
No target in view!
No target in view!
An iguana comes into view.
The iguana moves out of view.
No target in view!
No target in view!
No target in view!
A wraith comes into view.
You shoot an arrow.
The arrow hits the iguana but does no damage.
You shoot an arrow. The arrow hits the iguana.
You shoot an arrow. The arrow hits the iguana.
The iguana closely misses you.
You shoot an arrow. The arrow hits the iguana.
The iguana bites you. 😕 HP[-5]
You take 5 damage, and now have 51/56 hp.
You shoot an arrow. The arrow hits the iguana!
You kill the iguana!
You shoot an arrow. The arrow hits the wraith.
The wraith hits you! 😮 HP[-12]
You take 12 damage, and now have 39/56 hp.
MASSIVE DAMAGE!! (PAUSE)
You are too injured to fight recklessly!
You are too injured to fight recklessly!
You are too injured to fight recklessly!
Shoot: a) +1 shortbow
Press: ? - help, Shift-Dir - straight line, f/p - wraith
Aim: a wraith (lightly damaged, 70% to hit)
You shoot an arrow. The arrow hits the wraith.
The wraith hits you. The wraith drains your vigour!
You feel yourself slow down. 😮 HP[-3]
You take 3 damage, and now have 36/56 hp.
Shoot: a) +1 shortbow
Press: ? - help, Shift-Dir - straight line, f/p - wraith
Aim: a wraith (lightly damaged, 70% to hit)
You shoot an arrow. The arrow barely misses the wraith.
The wraith hits you. The wraith hits you!
* * * LOW HITPOINT WARNING * * *
The wraith drains your vigour!
You feel as though you will be slow longer. 😨 HP[-11]
You take 11 damage, and now have 25/56 hp.
Unknown command.
Shoot: a) +1 shortbow
Press: ? - help, Shift-Dir - straight line, f/p - wraith
Aim: a wraith (lightly damaged, 70% to hit)
You shoot an arrow. The arrow hits the wraith.
The wraith barely misses you. x2 😨 HP[+1] Unknown command.
Really read
c - 4 scrolls of immolation {!r!r}?
Really read the scroll of immolation?
As you read the scroll of immolation {!r!r}, it crumbles to dust.
The creatures around you are filled with an inner flame!
The wraith hits you but does no damage.
It was a potion of brilliance.
You feel clever all of a sudden. The wraith hits you.
* * * LOW HITPOINT WARNING * * *
The wraith drains your vigour!
You feel as though you will be slow longer.
The wraith misses you. 😨 HP[-1]
You take 1 damage, and now have 25/56 hp.
As you read the scroll labelled JIEPHA SAUTAUKH, it crumbles to dust.
You speak a Word of immense power!
The wraith convulses!
It was a scroll of holy word.
The wraith explodes!
The fiery explosion engulfs you!!
* * * LOW HITPOINT WARNING * * *
You are engulfed in blazing flames.
Ouch! That really hurt!
You die...

Skill      XL: |  1  2  3  4  5  6 |
---------------+-------------------+-----
Bows           | 5 6 7 8 9 |  9.9
Fighting       | |  2.4
Dodging        | |  2.1
Stealth        | |  0.7

Action                   |  1- 3 |  4- 6 |  7- 9 || total
-------------------------+-------+-------+-------++-------
 Fire: Shortbow          |    87 |   130 |    14 ||   231
  Use: Scroll            |       |       |     2 ||     2
       Potion            |       |       |     1 ||     1
Armor: Leather armour    |     2 |       |       ||     2
       Ring mail         |     4 |    10 |     1 ||    15
Dodge: Dodged            |    12 |    12 |     4 ||    28

Levels and vault maps discovered:
D:1:      minmay_arrival_plants_in_alcoves, layout_basic,
          shapermc_ecumenical_altar_mp_urbaneastern, grunt_decor_one_mirror
D:2:      layout_basic, serial_shops, shop_coins
D:3:      layout_rooms, general_overflow_altar, grunt_qazlal_clouds,
          minivault_27
D:4:      layout_basic, zin_angel, kennysheep_generic_room_9
D:5:      layout_gridville, slow_altar_2, old_standard_altar,
          serial_co_window_serial, co_window_paths_a, co_window_paths_b,
          co_window_paths_a, co_window_corner_a, co_window_corner_a,
          co_window_corner_a, co_window_paths_b, co_window_corner_cb,
          co_window_paths_c, co_window_broadway_c, co_window_broadway_a,
          co_window_paths_c, co_window_paths_d, co_window_sun, glass_columns_b

Notes
Turn   | Place    | Note
-------+----------+-------------------------------------------
     0 | D:1      | Deadscale the Minotaur Hunter began the quest for the Orb.
     0 | D:1      | Reached XP level 1. HP: 18/18 MP: 0/0
     0 | D:1      | magus.rc [v1.11.3]
    67 | D:1      | Reached XP level 2. HP: 25/25 MP: 1/1
   120 | D:1      | Reached skill level 5 in Bows
   139 | D:1      | Found a faded altar of an unknown god.
   669 | D:1      | Reached XP level 3. HP: 30/30 MP: 2/2
   929 | D:2      | Found Ysinwual's Magic Scroll Boutique.
  1510 | D:2      | Reached skill level 6 in Bows
  1748 | D:3      | Noticed a gnoll sergeant
  1957 | D:2      | Reached XP level 4. HP: 32/37 MP: 3/3
  1971 | D:3      | Killed a gnoll sergeant
  2086 | D:3      | Reached skill level 7 in Bows
  2086 | D:3      | Reached XP level 5. HP: 42/42 MP: 4/4
  2162 | D:3      | Found a stormy altar of Qazlal.
  2331 | D:3      | Reached skill level 8 in Bows
  2414 | D:3      | Found a sparkling altar of Nemelex Xobeh.
  2652 | D:4      | Reached XP level 6. HP: 50/50 MP: 5/5
  2659 | D:4      | You add the spells Alistair's Intoxication, Borgnjor's Vile
                  | Clutch and Eringya's Noxious Bog to your library.
  2862 | D:4      | Reached skill level 9 in Bows
  3255 | D:4      | Found a glowing silver altar of Zin.
  3255 | D:4      | Noticed an angel
  3407 | D:5      | Entered Level 5 of the Dungeon
  3478 | D:5      | Reached XP level 7. HP: 56/56 MP: 6/6
  3613 | D:5      | Noticed a wraith
  3625 | D:5      | Killed a wraith
  3625 | D:5      | HP: 5/56 [spore (20)]
  3625 | D:5      | Engulfed by a cloud of flame

Vanquished Creatures
  A wraith (D:5)
  An ogre (D:5)
  A gnoll sergeant (D:3)
  2 necrophages
  A scorpion (D:4)
  A hound (D:4)
  An orc priest (D:3)
  3 iguanas
  3 adders
  7 gnolls
  4 worms
  2 dart slugs
  8 orcs
  4 bats (D:1)
  11 endoplasms
  3 giant cockroaches (D:4)
  8 goblins
  6 hobgoblins
  4 jackals
  6 kobolds
  5 quokkas
  6 ball pythons
  3 frilled lizards
  5 rats
96 creatures vanquished.

Table legend:
 A = Non-vault XP
 B = Vault XP
 C = Vault XP percentage of total XP
 D = Non-vault monster count
 E = Vault monster count
 F = Vault count percentage of total count
                 A         B        C        D         E       F
            +---------+---------+-------+---------+---------+-------
      Total |    1166 |       2 |   0.2 |      95 |       1 |   1.0
            +---------+---------+-------+---------+---------+-------
        D:1 |      52 |       0 |   0.0 |      24 |       0 |   0.0
        D:2 |      39 |       0 |   0.0 |      17 |       0 |   0.0
        D:3 |     281 |       0 |   0.0 |      30 |       0 |   0.0
        D:4 |     303 |       2 |   0.7 |      19 |       1 |   5.0
        D:5 |     491 |       0 |   0.0 |       5 |       0 |   0.0
            +---------+---------+-------+---------+---------+-------

Illustrated notes

Table legend:
 A = Kills in this place as a percentage of kills in entire the game.
 B = Kills by you in this place as a percentage of kills by you in the entire game.
 C = Kills by friends in this place as a percentage of kills by friends in the entire game.
 D = Other kills in this place as a percentage of other kills in the entire game.
 E = Experience gained in this place as a percentage of experience gained in the entire game.
 F = Experience gained in this place divided by the number of levels of this place that you have seen.
                   A       B       C       D       E      F
               +-------+-------+-------+-------+-------+----------------------
         Total | 100.0 | 100.0 |   N/A |   N/A | 100.0 | 233.6
       Dungeon | 100.0 | 100.0 |   N/A |   N/A | 100.0 | 233.6
               +-------+-------+-------+-------+-------+----------------------

Table legend: (Time is in decaauts)
 A = Elapsed time spent in this place.
 B = Non-inter-level travel time spent in this place.
 C = Inter-level travel time spent in this place.
 D = Time resting spent in this place.
 E = Time spent auto-exploring this place.
 F = Levels seen in this place.
 G = Mean time per level.
                   A        B        C        D        E       F      G
               +--------+--------+--------+--------+--------+-----+--------+
         Total |   3681 |   3509 |    172 |      0 |   3001 |   5 |  736.2 |
       Dungeon |   3681 |   3509 |    172 |      0 |   3001 |   5 |  736.2 |
               +--------+--------+--------+--------+--------+-----+--------+

Top non-repeatable levels by time:
     D:2: 1053 daAuts
     D:1: 889 daAuts
     D:4: 788 daAuts
     D:3: 727 daAuts
     D:5: 222 daAuts
